 Dungeon Crawl Stone Soup version 0.27.1-33-g824d729ab1 (webtiles) character file.

Game seed: 7827236553483305202

15 Unglued128 the Firebug (level 2, -1/19 HPs)
             Began as a Demonspawn Fire Elementalist on Nov 29, 2021.
             Slain by an adder (2 damage)
             ... on level 2 of the Dungeon.
             The game lasted 00:07:01 (1256 turns).

Unglued128 the Firebug (DsFE)                       Turns: 1256, Time: 00:07:01

Health: -1/19      AC:  4    Str:  8    XL:     2   Next: 34%
Magic:  5/5        EV: 12    Int: 16    God:
Gold:   60         SH:  0    Dex: 13    Spells: 4/5 levels left

rFire    + . .     SeeInvis .   e - +0 dagger
rCold    . . .     Faith    .   (no shield)
rNeg     . . .     Spirit   .   a - +0 robe
rPois    .         Reflect  .   c - +2 hat
rElec    .         Harm     .   (no cloak)
rCorr    .         Rampage  .   (no gloves)
Will     .....                  (no boots)
Stlth    ++........             (no amulet)
HPRegen  0.06/turn              b - ring of wizardry
MPRegen  0.09/turn              g - ring of protection from fire

@: lethally poisoned (-1 -> -4)
A: ignite blood 1
a: no special abilities


You were on level 2 of the Dungeon.
You visited 1 branch of the dungeon, and saw 2 of its levels.

You collected 60 gold pieces.

Inventory:

Hand Weapons
 e - a +0 dagger (weapon)
Armour
 a - a +0 robe (worn)
 c - a +2 hat (worn)
Jewellery
 b - a ring of wizardry (left hand)
 g - a ring of protection from fire (right hand)
Potions
 f - a potion of might {unknown}


   Skills:
 + Level 2.0 Dodging
 - Level 1.7 Stealth
 + Level 2.2 Spellcasting
 + Level 1.4 Conjurations
 + Level 2.9 Fire Magic


You had 4 spell levels left.
You knew the following spells:

 Your Spells              Type           Power      Damage    Failure   Level
a - Foxfire               Conj/Fire      32%        2x1d5     3%          1

Your spell library contained the following spells:

 Spells                   Type           Power      Damage    Failure   Level
 Apportation              Tloc           2%         N/A       9%          1
 Conjure Flame            Conj/Fire      8%         6-21      11%         3
 Inner Flame              Hex/Fire       6%         N/A       13%         3
 Sticky Flame             Conj/Fire      8%         2d3       32%         4
 Fireball                 Conj/Fire      4%         3d4       65%         5
 Alistair's Intoxication  Tmut/Pois      0%         N/A       89%         5
 Invisibility             Hex            0%         N/A       100%        6


Dungeon Overview and Level Annotations

Branches:
Dungeon (2/15)

Altars:


Innate Abilities, Weirdness & Mutations

Your demonic aura sometimes causes spilled blood to erupt in flames.


Message History

You are poisoned.
The adder poisons you!
You barely miss the adder.
The adder is moderately wounded.
You feel sick. The adder barely misses you.
You hit the adder but do no damage.
The adder is moderately wounded.
You feel sick. The adder bites you. The adder closely misses you.
You closely miss the adder.
The adder is moderately wounded.
You feel sick. The adder bites you.
You closely miss the adder.
The adder is moderately wounded.
You feel sick. The adder bites you but does no damage.
You hit the adder.
The adder is heavily wounded.
You feel sick. The adder closely misses you.
You closely miss the adder.
The adder is heavily wounded.
You feel sick.
You are no longer poisoned.
The adder bites you but does no damage. x2
You hit the adder but do no damage.
The adder is moderately wounded.
The adder barely misses you.
You miss the adder.
The adder is moderately wounded.
The adder bites you.
* * * LOW HITPOINT WARNING * * *
You are lethally poisoned!
The adder poisons you!
You hit the adder.
The adder is heavily wounded.
* * * LOW HITPOINT WARNING * * *
You feel sick. The adder misses you. The adder closely misses you.
You hit the adder but do no damage.
The adder is heavily wounded.
* * * LOW HITPOINT WARNING * * *
You feel sick. The adder bites you.
You die...

#.###.###..# #.# #...#..#
#.# #.#.#..# #.# #.#.#..#
#.###......#
##.........## #
######.#.### .##
.####....##########...#.#
.'..............@S.......
.####....##########...#.#
## ##.#.# .## # ###.# #
#.# #.# #.# #.


You could see an adder.

Vanquished Creatures
  A dart slug (D:1)
  3 bats (D:1)
  2 endoplasms
  A giant cockroach (D:1)
  2 goblins
  A frilled lizard (D:1)
  A kobold (D:1)
  A rat (D:1)
12 creatures vanquished.

Vanquished Creatures (others)
  26 foxfires
26 creatures vanquished.

Grand Total: 38 creatures vanquished

Notes
Turn   | Place    | Note
-------+----------+-------------------------------------------
     0 | D:1      | Unglued128 the Demonspawn Fire Elementalist began the quest
                  | for the Orb.
     0 | D:1      | Reached XP level 1. HP: 13/13 MP: 3/3
   152 | D:1      | Found a faded altar of an unknown god.
   377 | D:1      | Gained mutation: Your demonic aura sometimes causes spilled
                  | blood to erupt in flames. [demonic ancestry]
   377 | D:1      | Reached XP level 2. HP: 19/19 MP: 0/5
  1256 | D:2      | Slain by an adder

Illustrated notes

Levels and vault maps discovered:
D:1:      minmay_arrival_diagonal_passages, layout_loops_ring,
          hellmonk_ecumenical_altar_run_dry
D:2:      layout_loops_corners, basic_altar, uniq_robin,
          uniq_crazy_yiuf_cottage, uniq_terence

Skill      XL: |  1 |
---------------+----+-----
Dodging        | 2 |  2.0
Stealth        | |  1.7
Spellcasting   | |  2.2
Conjurations   | |  1.4
Fire Magic     | |  2.9

Action                   || total
-------------------------++-------
Melee: Dagger            ||    20
 Cast: Foxfire           ||    22
  Use: Scroll            ||     2
Armor: Robe              ||     6
Dodge: Dodged            ||    14
